 Dungeon Crawl Stone Soup version 0.31.0-32-g396128a36d (webtiles) character file.

Game seed: 8954185601472064025

1204 monsoonserge the Ruffian (level 8, -6/61 HPs)
             Began as a Gnoll Shapeshifter on Mar 26, 2024.
             Was a Priest of Elyvilon.
             Mangled by a killer bee (7 damage)
             ... on level 7 of the Dungeon.
             The game lasted 00:11:05 (3566 turns).

monsoonserge the Ruffian (Gnoll Shapeshifter)       Turns: 3566, Time: 00:11:06

Health: -6/61      AC:  6    Str: 21    XL:     8   Next: 45%
Magic:  11/13      EV: 12    Int:  9    God:    Elyvilon [***...]
Gold:   139        SH:  0    Dex: 13    Spells: 13/13 levels left

rFire   . .          .
                       - Unarmed
rCold   . . .        (no shield)
rNeg    . . .        s - +0 scale mail
rPois   .            (helmet currently unavailable)
rElec   .            (cloak currently unavailable)
rCorr   .            (gloves currently unavailable)
SInv    .            y - melded +0 pair of boots
Will    .....        t - amulet of regeneration
Stlth   +            p - +6 ring of strength
HPRegen 1.10/turn    (no ring)
MPRegen 0.13/turn

%: no passive effects
@: lethally poisoned (-6 -> -22), beast-form
A: beast (slay +4), fangs 1, strong nose, distributed training
a: Begin Untransformation, Renounce Religion, Purification, Heal Other, Heal
Self


You were on level 7 of the Dungeon.
You worshipped Elyvilon.
Elyvilon was most pleased with you.
You were a hulking beast.
You visited 2 branches of the dungeon, and saw 8 of its levels.

You collected 230 gold pieces.
You spent 91 gold pieces at shops.

Inventory:

Missiles
 g - 13 poisoned darts (quivered)
 h - 17 boomerangs
Armour
 a - a +0 animal skin
 e - a +0 ring mail
 s - a +0 scale mail (worn)
 y - a +0 pair of boots (melded)
Jewellery
 p - a +6 ring of strength (left hand)
 t - an amulet of regeneration (around neck)
Talismans
 c - a beast talisman (active)
 d - a flux talisman
Wands
 B - a wand of flame (9)
 C - a wand of digging (7)
Scrolls
 f - a scroll of enchant weapon {unknown}
 i - 3 scrolls of identify {unknown}
 k - 2 scrolls of fog {unknown}
 l - a scroll of acquirement {unknown}
 m - 2 scrolls of butterflies
 r - 2 scrolls of poison {unknown}
 v - a scroll of amnesia {unknown}
 w - a scroll of silence {unknown}
 D - a scroll of enchant armour {unknown}
Potions
 b - a potion of brilliance {unknown}
 j - a potion of cancellation {unknown}
 n - a potion of resistance {unknown}
 o - a potion of heal wounds
 u - 2 potions of enlightenment {unknown}
 x - a potion of curing {unknown}
 z - 2 potions of haste {unknown}
 A - a potion of mutation {unknown}
 E - a potion of magic {unknown}


   Skills:
 + Level 4.3 Fighting
 + Level 3.4 Short Blades
 + Level 3.4 Long Blades
 + Level 3.4 Axes
 + Level 3.4 Maces & Flails
 + Level 3.4 Polearms
 + Level 3.4 Staves
 + Level 3.4 Ranged Weapons
 + Level 3.4 Throwing
 + Level 3.4 Armour
 + Level 5.8 Dodging
 + Level 3.4 Stealth
 + Level 3.4 Shields
 + Level 7.4 Unarmed Combat
 + Level 3.4 Spellcasting
 + Level 2.8 Conjurations
 + Level 2.8 Hexes
 + Level 2.8 Summonings
 + Level 2.8 Necromancy
 + Level 2.8 Translocations
 + Level 2.8 Fire Magic
 + Level 2.8 Ice Magic
 + Level 2.8 Air Magic
 + Level 2.8 Earth Magic
 + Level 2.8 Alchemy
 + Level 3.7 Invocations
 + Level 3.4 Evocations
 + Level 7.3 Shapeshifting


You had 13 spell levels left.
You didn't know any spells.
Your spell library contained the following spells:

 Spells                   Type           Power      Damage    Failure   Level
 Shock                    Conj/Air       24%        1d4       26%         1
 Mercury Vapours          Alch/Air       12%        N/A       36%         2
 Mephitic Cloud           Conj/Alch/Air  6%         N/A       58%         3
 Swiftness                Air            6%         N/A       58%         3
 Airstrike                Air            3%         2d(1-17)  94%         4
 Freezing Cloud           Conj/Ice/Air   3%         6-21      100%        5


Dungeon Overview and Level Annotations

Branches:
Dungeon (7/15)             Temple (1/1) D:4

Altars:
Ashenzari
Cheibriados
Dithmenos
Elyvilon
Fedhas
Gozag
Hepliaklqana
Kikubaaqudgha
Makhleb
Nemelex Xobeh
Okawaru
Ru
Sif Muna
Trog
Uskayaw
Vehumet
Wu Jian
Xom
Yredelemnul
The Shining One

Shops:
D:3 ?

Annotations:
D:3 dig


Innate Abilities, Weirdness & Mutations

You are a hulking beast.
Your limbs bulge with bestial killing power. (Slay +4)
You have very sharp teeth.
Your uncanny sense of smell can sniff out nearby items.
Your experience applies equally to all skills.


Message History

You feel very sick. The killer bee stings you.
You are more poisoned.
The killer bee poisons you! The killer bee barely misses you.
The killer bee completely misses you. The killer bee misses you.
You punch the killer bee!
You kill the killer bee!
You feel very sick.
The killer bee stings you but does no damage. x2
You closely miss the killer bee.
You feel very sick. The killer bee closely misses you.
The killer bee misses you.
You completely miss the killer bee. Your bite misses the killer bee.
You feel sick. The killer bee stings you. x2
You are more poisoned.
The killer bee poisons you!
You closely miss the killer bee. Your bite misses the killer bee.
You feel very sick.
The killer bee closely misses you. x2; The killer bee stings you!
You are more poisoned.
The killer bee poisons you! The killer bee closely misses you.
You hit the killer bee.
The killer bee is lightly wounded.
You feel very sick. The killer bee stings you.
* * * LOW HITPOINT WARNING * * *
The killer bee barely misses you. The killer bee stings you.
* * * LOW HITPOINT WARNING * * *
You are lethally poisoned!
The killer bee poisons you! The killer bee stings you.
* * * LOW HITPOINT WARNING * * *
You are more poisoned.
The killer bee poisons you!
Press: ? - help, Dir - move target, f - killer bee Heal: a killer bee (chance to pacify: 80%)
The killer bee turns neutral.
* * * LOW HITPOINT WARNING * * *
You feel extremely sick. The killer bee stings you!
You die...

#####.......#
............#### #.
............#..######..
............#..#.......
...........#..#.......
#.......#'###......
#...........#......
##y#####....#......
#hy...#....'......
#.....#....#......
#.....#....#......
#.....+....#...##.
#.....#....#...##.
#.....#....#....#.
#.....#....######.
#######.... ##


You could see a killer bee and a neutral killer bee (wandering).

Vanquished Creatures
  A water moccasin (D:4)
  A black bear (D:5)
  An ice beast (D:5)
  3 ogres
  2 scorpions
  2 killer bees (D:7)
  2 bombardier beetles
  A jelly (D:5)
  2 hounds (D:4)
  A gnoll bouda (D:5)
  3 iguanas
  Terence (D:3)
  4 gnolls
  4 adders
  A shadow imp (D:6)
  3 ribbon worms
  A dart slug (D:3)
  12 orcs
  8 ball pythons
  6 endoplasms
  A giant cockroach (D:1)
  6 goblins
  10 hobgoblins
  A quokka (D:2)
  3 bats
  4 frilled lizards
  12 kobolds
  A rat (D:1)
97 creatures vanquished.

Notes
Turn   | Place    | Note
-------+----------+-------------------------------------------
     0 | D:1      | monsoonserge the Gnoll Shapeshifter began the quest for the
                  | Orb.
     0 | D:1      | Reached XP level 1. HP: 17/17 MP: 1/1
   198 | D:1      | Reached XP level 2. HP: 20/23 MP: 2/2
   203 | D:1      | Found a faded altar of an unknown god.
   230 | D:1      | Prayed at the altar of an unknown god.
   230 | D:1      | Became a worshipper of Elyvilon the Healer
   230 | D:1      | Reached * piety under Elyvilon
   703 | D:2      | Reached XP level 3. HP: 24/28 MP: 3/3
   858 | D:2      | Reached skill level 1 in Invocations
   939 | D:2      | Found a white marble altar of Elyvilon.
  1013 | D:2      | Reached skill level 1 in Short Blades
  1013 | D:2      | Reached skill level 1 in Long Blades
  1013 | D:2      | Reached skill level 1 in Axes
  1013 | D:2      | Reached skill level 1 in Maces & Flails
  1013 | D:2      | Reached skill level 1 in Polearms
  1013 | D:2      | Reached skill level 1 in Staves
  1013 | D:2      | Reached skill level 1 in Ranged Weapons
  1013 | D:2      | Reached skill level 1 in Throwing
  1013 | D:2      | Reached skill level 1 in Armour
  1013 | D:2      | Reached skill level 1 in Stealth
  1013 | D:2      | Reached skill level 1 in Shields
  1013 | D:2      | Reached skill level 1 in Spellcasting
  1013 | D:2      | Reached skill level 1 in Evocations
  1097 | D:2      | Reached skill level 1 in Conjurations
  1097 | D:2      | Reached skill level 1 in Hexes
  1097 | D:2      | Reached skill level 1 in Summonings
  1097 | D:2      | Reached skill level 1 in Necromancy
  1097 | D:2      | Reached skill level 1 in Translocations
  1097 | D:2      | Reached skill level 1 in Fire Magic
  1097 | D:2      | Reached skill level 1 in Ice Magic
  1097 | D:2      | Reached skill level 1 in Air Magic
  1097 | D:2      | Reached skill level 1 in Earth Magic
  1097 | D:2      | Reached skill level 1 in Alchemy
  1097 | D:2      | Reached XP level 4. HP: 26/34 MP: 5/5
  1403 | D:3      | Noticed Terence
  1409 | D:3      | Killed Terence
  1508 | D:3      | Reached XP level 5. HP: 40/40 MP: 5/7
  1597 | D:3      | Reached ** piety under Elyvilon
  1754 | D:3      | Found Omiucro's Magic Scroll Boutique.
  1762 | D:3      | Bought a scroll of teleportation for 39 gold pieces
  1762 | D:3      | Bought a scroll of butterflies for 52 gold pieces
  2093 | D:4      | Noticed a phantom
  2372 | D:4      | Found a staircase to the Ecumenical Temple.
  2398 | Temple   | Entered the Ecumenical Temple
  2458 | D:4      | Noticed an ogre
  2475 | D:4      | Killed an ogre
  2476 | D:4      | Reached skill level 5 in Dodging
  2476 | D:4      | Reached XP level 6. HP: 47/47 MP: 7/9
  2696 | D:5      | Entered Level 5 of the Dungeon
  2718 | D:5      | Reached *** piety under Elyvilon
  2728 | D:5      | Noticed an ice beast
  2730 | D:5      | Identified the +0 leather armour of the Unseen Realm {-Tele
                  | Str+6}
  2741 | D:5      | Killed an ice beast
  2745 | D:5      | Noticed a black bear
  2754 | D:5      | Killed a black bear
  2755 | D:5      | Reached XP level 7. HP: 38/52 MP: 10/10
  2794 | D:5      | Found a bloodstained altar of Trog.
  3137 | D:4      | HP: 3/79 [poisoned by a water moccasin]
  3139 | D:4      | HP: 1/79 [hound (1)]
  3144 | D:4      | Reached XP level 8. HP: 11/60 MP: 12/12
  3566 | D:7      | HP: 1/61 [poisoned by a killer bee]
  3566 | D:7      | Mangled by a killer bee

Illustrated notes

Levels and vault maps discovered:
D:1:      minmay_arrival_cross, layout_basic, basic_ecumenical_altar
D:2:      layout_rooms, basic_altar
D:3:      layout_loops_ring, serial_shops, nicolae_square_shop,
          due_unseen_surprise, uniq_terence
D:4:      layout_rooms, minmay_temple_entry_ruins, corner_web_ring
D:5:      layout_cave_pools, bloody_trog
D:6:      minmay_chambers_of_fours, layout_basic,
          mainiacjoe_overflow_small_starburst
D:7:      gammafunk_corrupted_shrine, layout_gridville, minmay_lizard_king,
          uniq_prince_ribbit1, uniq_joseph
Temple:   mainiacjoe_temple_bowtie_tessellation

Skill      XL: |  1  2  3  4  5  6  7 |
---------------+----------------------+-----
Invocations    | 1 2 3 |  3.7
Short Blades   | 1 2 3 |  3.4
Long Blades    | 1 2 3 |  3.4
Axes           | 1 2 3 |  3.4
Maces & Flails | 1 2 3 |  3.4
Polearms       | 1 2 3 |  3.4
Staves         | 1 2 3 |  3.4
Ranged Weapons | 1 2 3 |  3.4
Throwing       | 1 2 3 |  3.4
Armour         | 1 2 3 |  3.4
Stealth        | 1 2 3 |  3.4
Shields        | 1 2 3 |  3.4
Spellcasting   | 1 2 3 |  3.4
Evocations     | 1 2 3 |  3.4
Conjurations   | 1 2 |  2.8
Hexes          | 1 2 |  2.8
Summonings     | 1 2 |  2.8
Necromancy     | 1 2 |  2.8
Translocations | 1 2 |  2.8
Fire Magic     | 1 2 |  2.8
Ice Magic      | 1 2 |  2.8
Air Magic      | 1 2 |  2.8
Earth Magic    | 1 2 |  2.8
Alchemy        | 1 2 |  2.8
Fighting       | 3 4 |  4.3
Dodging        | 5 |  5.8
Unarmed Combat | 7 |  7.4
Shapeshifting  | 7 |  7.3

Action                     |  1- 3 |  4- 6 |  7- 9 || total
---------------------------+-------+-------+-------++-------
  Melee: Unarmed           |    72 |    76 |    94 ||   242
         Punch             |     3 |     6 |     2 ||    11
         Bite              |     3 |     9 |    14 ||    26
  Throw: Dart              |       |    14 |    23 ||    37
         Boomerang         |       |     1 |     3 ||     4
 Invoke: Heal Other        |       |       |     1 ||     1
    Use: Potion            |       |       |     2 ||     2
         Scroll            |       |       |     1 ||     1
 Armour: Ring mail         |    36 |    25 |       ||    61
         Scale mail        |       |    18 |    62 ||    80
         Skin              |       |       |    22 ||    22
  Dodge: Dodged            |    34 |    36 |    66 ||   136
   Form: Beast             |       |       |     1 ||     1
         Flux              |       |       |     1 ||     1
